 Dungeon Crawl Stone Soup version 0.30-a0-1157-g2cc9ac7196 (webtiles) character file.

Game seed: 12345453643022860843

231 BlueFish the Sneak (level 6, -1/42 HPs)
             Began as an Octopode Fighter on Apr 24, 2023.
             Splashed by a jelly's acid (2 damage)
             ... on level 4 of the Dungeon.
             The game lasted 00:04:23 (2486 turns).

BlueFish the Sneak (Octopode Fighter)               Turns: 2486, Time: 00:04:23

Health: -1/42      AC: -7    Str: 17    XL:     6   Next: 4%
Magic:  7/7        EV: 18    Int: 11    God:
Gold:   149        SH:  4    Dex: 11    Spells: 4/7 levels left

rFire   . . .        a - +0 whip
rCold   . . .        n - +0 buckler
rNeg    . . .        (helmet restricted)
rPois   .            A - amulet of faith
rElec   .            g - +5 ring of evasion
rCorr   .            (no ring)
SInv    .            (no ring)
Will    .....        (no ring)
Stlth   +++          (no ring)
HPRegen 0.27/turn    (no ring)
MPRegen 0.10/turn    (no ring)
                     (no ring)

%: faith
@: corroded
A: almost no armour, amphibious, 8 rings, camouflage 1, gelatinous body 1,
(nimble swimmer 1), tentacles
a: no special abilities


You were on level 4 of the Dungeon.
You visited 1 branch of the dungeon, and saw 4 of its levels.

You collected 149 gold pieces.

Inventory:

Hand Weapons
 a - a +0 whip (weapon)
 b - a +0 sling
 y - a +0 flail
Missiles
 e - 9 poisoned darts
 f - 7 boomerangs
 h - 26 stones (quivered)
 q - 5 curare-tipped darts
Armour
 n - a +0 buckler (worn)
Jewellery
 g - a +5 ring of evasion (left tentacle)
 A - an amulet of faith (around mantle)
Scrolls
 d - 4 scrolls of poison {unknown}
 i - a scroll of enchant weapon {unknown}
 j - a scroll of blinking {unknown}
 l - 6 scrolls of identify {unknown}
 m - 2 scrolls of magic mapping {unknown}
 p - a scroll of silence {unknown}
 r - 2 scrolls of enchant armour {unknown}
 u - 2 scrolls of fear {unknown}
 v - a scroll of noise {unknown}
 x - 3 scrolls of teleportation {unknown}
 z - a scroll of acquirement {unknown}
Potions
 c - a potion of might
 k - 2 potions of brilliance {unknown}
 o - a potion of heal wounds {unknown}
 s - a potion of attraction {unknown}
 t - a potion of invisibility {unknown}
 w - a potion of curing {unknown}


   Skills:
 + Level 3.5 Fighting
 + Level 2.6 Maces & Flails
 + Level 1.5 Throwing
 + Level 3.5 Dodging
 * Level 4.1 Stealth
 + Level 3.6 Shields
 + Level 1.1 Spellcasting
 + Level 1.0 Hexes


You had 4 spell levels left.
You knew the following spells:

 Your Spells              Type           Power      Damage    Failure   Level
a - Confusing Touch       Hex            2%         N/A       61%         3

Your spell library contained the following spells:

 Spells                   Type           Power      Damage    Failure   Level
 Kiss of Death            Conj/Necr      0%         2d5       38%         1
 Summon Small Mammal      Summ           0%         N/A       38%         1
 Summon Guardian Golem    Hex/Summ       1%         N/A       69%         3
 Call Canine Familiar     Summ           0%         N/A       77%         3
 Volatile Blastmotes      Fire/Tloc      0%         2d10      77%         3
 Fulminant Prism          Conj/Hex       0%         3d5       97%         4
 Dispel Undead            Necr           0%         3d6       99%         4
 Iskenderun's Mystic Bla  Conj/Tloc      0%         2d3       99%         4
 Lee's Rapid Deconstruct  Erth           0%         3d4*      100%        5


Dungeon Overview and Level Annotations

Branches:
Dungeon (4/15)
 Temple: D:4-7

Altars:

Annotations:
D:4 exclusion: 2 black bears


Innate Abilities, Weirdness & Mutations

You cannot wear most types of armour.
You are amphibious.
You can wear up to eight rings at the same time.
Your skin changes colour to match your surroundings (Stealth+).
Your rubbery body absorbs attacks. (AC +1, EV +1)
((You are camouflaged when in or above water. (Stealth+)))
You have tentacles for arms and can constrict up to eight enemies at once.


Message History

You have reached level 6!
b - a +0 sling (weapon)
You see here a +0 flail.
Found a ring mail.
A jelly comes into view.
You shoot a sling bullet. The sling bullet hits the jelly.
The jelly quivers.
The jelly is moderately wounded.
You shoot a sling bullet. The sling bullet hits the jelly.
The jelly is heavily wounded.
The jelly misses you.
a - a +0 whip (weapon)
You barely miss the jelly.
The jelly is heavily wounded.
The jelly misses you.
You hit the jelly.
Your tentacles burn!
The jelly is heavily wounded.
The jelly hits you.
You are splashed with acid!
You hit the jelly.
Your tentacles burn!
The jelly is severely wounded.
The jelly hits you. The acid corrodes you!
You are splashed with acid.
You hit the jelly but do no damage.
Your tentacles burn!
You squeeze the jelly.
The jelly is severely wounded.
The jelly misses you.
You hit the jelly but do no damage.
Your tentacles burn!
You squeeze the jelly.
The jelly is almost dead.
The jelly misses you.
You barely miss the jelly.
The jelly is almost dead.
The jelly hits you.
You are splashed with acid!
* * * LOW HITPOINT WARNING * * *
You aren't carrying any items that you can evoke.
Okay, then.
Okay, then.
You hit the jelly.
Your tentacles burn!
* * * LOW HITPOINT WARNING * * *
The jelly is almost dead.
The jelly barely misses you.
You hit the jelly but do no damage. The acid corrodes you!
Your tentacles burn!
You die...

#######.#####.#..######.
........................
#######.########.######.
.............[.
#######.####### #.# #.#
#.# #@# #.....J.......#
#############.#


You could see a jelly.

Vanquished Creatures
  2 iguanas
  An orc wizard (D:4)
  3 gnolls
  5 adders
  2 worms (D:2)
  A dart slug (D:3)
  10 orcs
  3 endoplasms
  2 giant cockroaches (D:1)
  4 hobgoblins
  8 jackals (D:1)
  3 quokkas
  3 ball pythons
  4 bats
  3 frilled lizards
  8 goblins
  2 kobolds
  A rat (D:1)
65 creatures vanquished.

Notes
Turn   | Place    | Note
-------+----------+-------------------------------------------
     0 | D:1      | BlueFish the Octopode Fighter began the quest for the Orb.
     0 | D:1      | Reached XP level 1. HP: 16/16 MP: 1/1
   102 | D:1      | Reached skill level 1 in Stealth
   103 | D:1      | Reached XP level 2. HP: 21/21 MP: 2/2
   216 | D:1      | Found a faded altar of an unknown god.
   287 | D:1      | Reached skill level 2 in Stealth
   296 | D:1      | Reached XP level 3. HP: 22/26 MP: 3/3
   973 | D:2      | Reached XP level 4. HP: 31/31 MP: 4/4
   996 | D:2      | Learned a level 3 spell: Confusing Touch
  1048 | D:2      | Reached skill level 3 in Stealth
  1620 | D:3      | Reached XP level 5. HP: 36/36 MP: 6/6
  1630 | D:3      | Reached skill level 1 in Throwing
  2119 | D:4      | Noticed a black bear
  2295 | D:4      | Reached skill level 1 in Spellcasting
  2338 | D:4      | Reached skill level 4 in Stealth
  2338 | D:4      | Reached skill level 1 in Hexes
  2388 | D:4      | Noticed a black bear
  2431 | D:4      | Reached XP level 6. HP: 34/42 MP: 7/7
  2485 | D:4      | HP: 1/42 [acid (4)]
  2486 | D:4      | Splashed by a jelly's acid

Illustrated notes

Levels and vault maps discovered:
D:1:      minmay_arrival_hallway, layout_rooms, basic_ecumenical_altar
D:2:      layout_loops_corners
D:3:      layout_rooms, minmay_misc_feat_iff
D:4:      layout_basic

Skill      XL: |  1  2  3  4  5 |
---------------+----------------+-----
Stealth        | 1 2 3 4 |  4.1
Throwing       | 1 |  1.5
Spellcasting   | 1 |  1.1
Hexes          | 1 |  1.0
Fighting       | |  3.5
Maces & Flails | |  2.6
Dodging        | |  3.5
Shields        | |  3.6

Action                     |  1- 3 |  4- 6 || total
---------------------------+-------+-------++-------
  Melee: Flail             |    73 |    27 ||   100
         Constrict         |    18 |    11 ||    29
         Tentacles         |    10 |    13 ||    23
         Punch             |     1 |     2 ||     3
         Whip              |       |    28 ||    28
   Fire: Sling             |    20 |    49 ||    69
   Stab: Sleeping          |     4 |     1 ||     5
 Armour: Skin              |     1 |     2 ||     3
  Dodge: Dodged            |    59 |    37 ||    96
  Block: Buckler           |    14 |     5 ||    19

Table legend: (Time is in decaauts)
 A = Elapsed time spent in this place.
 B = Non-inter-level travel time spent in this place.
 C = Inter-level travel time spent in this place.
 D = Time resting spent in this place.
 E = Time spent auto-exploring this place.
 F = Levels seen in this place.
 G = Mean time per level.
                   A        B        C        D        E       F      G
               +--------+--------+--------+--------+--------+-----+--------+
         Total |   2524 |   2418 |    106 |     48 |   1840 |   4 |  631.0 |
       Dungeon |   2524 |   2418 |    106 |     48 |   1840 |   4 |  631.0 |
               +--------+--------+--------+--------+--------+-----+--------+

Top non-repeatable levels by time:
     D:2: 1001 daAuts
     D:3: 619 daAuts
     D:1: 575 daAuts
     D:4: 329 daAuts
